[Event "December 5 Early 2023"]
[Site "https://www.chess.com"]
[Date "2023.12.05"]
[Round "8"]
[White "Xu, Yi"]
[Black "Nigalidze, Gaioz"]
[Result "1/2-1/2"]
[Board "31"]
[TimeControl "180+1"]
[WhiteFideId "8605564"]
[BlackFideId "13603078"]
[WhiteElo "2858"]
[BlackElo "2697"]
[WhiteTeam "CHN"]
[BlackTeam "GEO"]
[WhiteClock "0:00:03"]
[BlackClock "0:00:02"]

1. e4 c5 2. Nf3 d6 3. d4 cxd4 4. Nxd4 Nf6 5. Nc3 a6 6. Bd3 e6 7. O-O Be7 8. Kh1 b5 9. a3 Bb7 10. f4 Nbd7 11. Nb3 Rc8 12. Bd2 Qb6 13. Qe2 O-O 14. Rae1 e5 15. f5 Rfd8 16. Na2 Nc5 17. Ba5 Qc6 18. Bxd8 Rxd8 19. Nc3 Ncd7 20. Rd1 h5 21. Na5 Qb6 22. Nxb7 Qxb7 23. Nd5 Nxd5 24. exd5 Nf6 25. c4 bxc4 26. Bxc4 a5 27. a4 Qb6 28. Bb5 Ng4 29. Rd3 Bg5 30. h3 Ne3 31. Re1 Nxf5 32. Qxh5 f6 33. Qf3 Nd4 34. Qg4 Qc5 35. Bc6 Rb8 36. Bd7 Qxd5 37. Rxd4 Qxd4 38. Be6+ Kh7 39. Qh5+ Bh6 40. Rc1 Qxb2 41. Rc7 Qa1+ 42. Kh2 Qf1 43. Bf5+ Kh8 44. Qg6 Bf4+ 45. g3 Qf2+ 46. Kh1 Qf3+ 47. Kh2 Rb2+ 48. Rc2 Rxc2+ 49. Bxc2 Qf2+ 50. Kh1 Qf1+ 51. Kh2 Qf2+ 52. Kh1 Qe1+ 53. Kh2 Qe2+ 54. Kh1 Qe1+ 55. Kh2 Qf2+ 1/2-1/2

[Event "December 5 Early 2023"]
[Site "https://www.chess.com"]
[Date "2023.12.05"]
[Round "8"]
[White "Finek, Vaclav"]
[Black "Nagare Kaivalya Sandip"]
[Result "1/2-1/2"]
[Board "32"]
[TimeControl "180+1"]
[WhiteFideId "23718293"]
[BlackFideId "25957929"]
[WhiteElo "2845"]
[BlackElo "2687"]
[WhiteTeam "CZE"]
[BlackTeam "IND"]
[WhiteClock "0:00:07"]
[BlackClock "0:00:54"]

1. Nf3 Nf6 2. g3 g6 3. Bg2 Bg7 4. O-O O-O 5. d4 d6 6. c4 c5 7. Nc3 cxd4 8. Nxd4 Qc7 9. b3 Nc6 10. Bb2 Nxd4 11. Qxd4 Be6 12. Rfd1 a6 13. Rac1 Rac8 14. h3 Rfd8 15. g4 Qd7 16. Qd3 h5 17. g5 Nh7 18. h4 Bf5 19. e4 Bg4 20. f3 Bh3 21. f4 Bxg2 22. Kxg2 Bxc3 23. Bxc3 Qg4+ 24. Qg3 Qe2+ 25. Kg1 Qxe4 26. Re1 Qf5 27. Rxe7 Re8 28. Rce1 Rxe7 29. Rxe7 Nf8 30. Re1 Ne6 31. Rf1 d5 32. cxd5 Qxd5 33. f5 Nd4 34. Bxd4 Qxd4+ 35. Qf2 Qg4+ 36. Qg2 gxf5 37. Qxg4 fxg4 38. Rf6 Rc2 39. Rb6 Rxa2 40. Rxb7 Kg7 41. Rb6 a5 42. Rh6 f5 43. Rf6 Ra3 44. Rxf5 Rxb3 45. Rxa5 Rh3 46. Ra7+ Kg6 47. Ra6+ Kf5 48. Ra5+ Ke6 49. Ra6+ Kf7 50. Ra7+ Kg6 51. Ra6+ Kf5 52. Ra5+ Kf4 53. Ra4+ Ke5 54. Ra5+ Ke6 55. Ra6+ Kd7 56. Ra7+ Ke8 57. Ra8+ Kf7 58. Ra7+ Kg8 59. Ra8+ Kh7 60. Ra7+ Kh8 61. Ra8+ Kg7 62. Ra7+ Kg6 1/2-1/2

[Event "December 5 Early 2023"]
[Site "https://www.chess.com"]
[Date "2023.12.05"]
[Round "8"]
[White "Klekowski, Maciej"]
[Black "Feuerstack, Aljoscha"]
[Result "1-0"]
[Board "33"]
[TimeControl "180+1"]
[WhiteFideId "1132717"]
[BlackFideId "4681932"]
[WhiteElo "2841"]
[BlackElo "2677"]
[WhiteTeam "POL"]
[BlackTeam "GER"]
[WhiteClock "0:00:37"]
[BlackClock "0:00:00"]

1. c4 Nf6 2. Nc3 c5 3. g3 e6 4. Nf3 b6 5. Bg2 Bb7 6. O-O Be7 7. b3 O-O 8. Bb2 d6 9. d4 cxd4 10. Qxd4 a6 11. Rad1 Nbd7 12. Nh4 Bxg2 13. Nxg2 Qc7 14. e4 Rac8 15. h3 Rfd8 16. Ne3 Qb7 17. g4 b5 18. g5 b4 19. Ne2 Ne5 20. f3 Nh5 21. f4 Ng6 22. Qd3 e5 23. f5 Ngf4 24. Nxf4 Nxf4 25. Rxf4 exf4 26. Nd5 Bxg5 27. f6 Re8 28. fxg7 Re6 29. Kh2 Rce8 30. Rg1 h6 31. Qf3 Rxe4 32. Rxg5 Re2+ 33. Rg2 Rxg2+ 34. Qxg2 1-0

[Event "December 5 Early 2023"]
[Site "https://www.chess.com"]
[Date "2023.12.05"]
[Round "8"]
[White "Golubev, Mikhail"]
[Black "Vakhlamov, Igor L."]
[Result "0-1"]
[Board "34"]
[TimeControl "180+1"]
[WhiteFideId "14100983"]
[BlackFideId "24126748"]
[WhiteElo "2623"]
[BlackElo "2836"]
[WhiteTeam "UKR"]
[BlackTeam "RUS"]
[WhiteClock "0:00:00"]
[BlackClock "0:00:07"]

1. e4 c5 2. Nf3 e6 3. d4 cxd4 4. Nxd4 Nf6 5. Nc3 Nc6 6. a3 d5 7. Bb5 Bd7 8. exd5 exd5 9. O-O Be7 10. Be2 O-O 11. Bf3 Be6 12. Re1 Qd7 13. Bg5 h6 14. Bh4 Rfe8 15. Qd2 Ne4 16. Bxe4 dxe4 17. Bxe7 Qxd4 18. Qxd4 Nxd4 19. Rxe4 Nxc2 20. Rc1 Rxe7 21. Rxc2 Rd8 22. Re1 Rc7 23. f3 Kf8 24. Kf2 a5 25. Ree2 Bc4 26. Red2 Rxd2+ 27. Rxd2 b5 28. Rd8+ Ke7 29. Rb8 Rc5 30. Ke3 Rg5 31. g4 f6 32. h4 Re5+ 33. Kd4 h5 34. g5 Rf5 35. Ke4 g6 36. Rb7+ Kd6 37. Rb6+ Ke7 38. Rb7+ Ke8 39. gxf6 Rxf6 40. Nxb5 Kd8 41. Nd4 Ba2 42. b4 axb4 0-1

[Event "December 5 Early 2023"]
[Site "https://www.chess.com"]
[Date "2023.12.05"]
[Round "8"]
[White "Olenik Campa, Rudi"]
[Black "Javakhadze, Zurab"]
[Result "0-1"]
[Board "35"]
[TimeControl "180+1"]
[WhiteFideId "14633264"]
[BlackFideId "13603647"]
[WhiteElo "2619"]
[BlackElo "2836"]
[WhiteTeam "SLO"]
[BlackTeam "GEO"]
[WhiteClock "0:00:00"]
[BlackClock "0:00:03"]

1. e4 e5 2. Nf3 Nc6 3. Bb5 a6 4. Ba4 Nf6 5. O-O Be7 6. Re1 b5 7. Bb3 d6 8. c3 O-O 9. d4 Bg4 10. Be3 exd4 11. cxd4 Na5 12. Bc2 Nc4 13. Bc1 c5 14. b3 Nb6 15. h3 Bh5 16. d5 Nfd7 17. Nbd2 Bf6 18. Rb1 Re8 19. Nf1 c4 20. g4 Bg6 21. Ng3 Ne5 22. Nxe5 Bxe5 23. f4 Bc3 24. Bd2 Nxd5 25. exd5 Rxe1+ 26. Qxe1 Bd4+ 27. Be3 Bxe3+ 28. Qxe3 Bxc2 29. Rc1 Bd3 30. Qd4 g6 31. Kf2 Qh4 32. Kg2 Re8 33. a4 Qe7 34. axb5 axb5 35. Kf2 Qb7 36. h4 Qa8 37. Kg2 Qa2+ 38. Kh3 Qd2 39. Qg1 Qxf4 40. Re1 Rxe1 41. Qxe1 h5 42. gxh5 gxh5 43. Qe8+ Kh7 44. bxc4 Bf5+ 45. Kg2 Qd2+ 46. Kg1 Qd4+ 47. Kg2 Qd2+ 48. Kg1 Qc1+ 49. Kh2 Qc2+ 50. Kg1 Bg6 51. cxb5 Qc5+ 52. Kh2 Qxd5 53. Qc6 Qd2+ 54. Kg1 Qe3+ 55. Kh2 Qf2+ 56. Qg2 Qf4 57. Qh3 Qd2+ 58. Qg2 Qb4 59. Kh3 Qxb5 60. Qf3 Qd7+ 61. Kh2 Qb5 62. Qf6 Qe5 63. Qd8 Kg7 64. Qd7 Qf4 65. Qd8 Qf6 66. Qb6 Qxh4+ 67. Kg2 Qg4 68. Kf2 Qf4+ 69. Kg2 Qe5 70. Qf2 h4 71. Ne2 Be4+ 72. Kh3 Qf5+ 73. Qxf5 Bxf5+ 74. Kxh4 Kf6 75. Kg3 Ke5 76. Kf2 Bd3 77. Nc1 Be4 78. Ke3 Bd5 79. Ne2 Bc4 80. Nd4 f5 81. Nf3+ Ke6 82. Nd2 Bd5 83. Kf4 Kf6 84. Nf1 Be4 85. Ke3 Ke5 86. Nd2 d5 87. Nf1 f4+ 88. Kd2 d4 89. Ke1 f3 90. Kf2 Kf4 91. Nd2 Bd5 92. Nf1 Bc4 93. Nd2 Be2 94. Nb3 Ke4 95. Nc1 d3 96. Nb3 Bd1 97. Nd2+ Kd4 98. Ke1 Be2 99. Kf2 Kc3 100. Ke1 f2+ 0-1

[Event "December 5 Early 2023"]
[Site "https://www.chess.com"]
[Date "2023.12.05"]
[Round "8"]
[White "Bocharov, Dmitry"]
[Black "Maltsevskaya, Aleksandra"]
[Result "1-0"]
[Board "36"]
[TimeControl "180+1"]
[WhiteFideId "4138716"]
[BlackFideId "24174041"]
[WhiteElo "2828"]
[BlackElo "2615"]
[WhiteTeam "RUS"]
[BlackTeam "POL"]
[WhiteClock "0:01:10"]
[BlackClock "0:00:00"]

1. c4 Nf6 2. g3 g6 3. Bg2 Bg7 4. Nc3 e5 5. Nf3 Nc6 6. d3 O-O 7. O-O d5 8. cxd5 Nxd5 9. Nxe5 Nxc3 10. Nxc6 Nxd1 11. Nxd8 Nxb2 12. Nxb7 Bxb7 13. Bxb7 Rab8 14. Bxb2 Bxb2 15. Bd5 Bxa1 16. Rxa1 Rb2 17. Kf1 Rfb8 18. Bb3 a5 19. Rc1 a4 20. Bxa4 Rxa2 21. Bd7 Rbb2 22. Bg4 Rc2 23. Rb1 h5 24. Bf3 Rab2 25. Ra1 Ra2 26. Rd1 Kg7 27. h4 Kf6 28. d4 Rd2 29. Rc1 Rac2 30. Rxc2 Rxc2 31. e3 Rc1+ 32. Kg2 Rc2 33. Be4 Rb2 34. Bd5 Rb5 35. Bc6 Rb6 36. Be4 Rb4 37. Kf3 Rc4 38. Bd3 Rc3 39. Ke2 Ra3 40. e4 Ke7 41. Ke3 f6 42. f4 1-0

[Event "December 5 Early 2023"]
[Site "https://www.chess.com"]
[Date "2023.12.05"]
[Round "8"]
[White "BestStelker"]
[Black "Skatchkov, Valery"]
[Result "1/2-1/2"]
[Board "37"]
[TimeControl "180+1"]
[BlackFideId "24195812"]
[WhiteElo "2821"]
[BlackElo "2613"]
[BlackTeam "RUS"]
[WhiteClock "0:00:01"]
[BlackClock "0:00:03"]

1. d4 Nf6 2. Nf3 e6 3. Bf4 d5 4. e3 c5 5. Nbd2 Nc6 6. c3 Nh5 7. Be5 f6 8. Bg3 g6 9. dxc5 Bxc5 10. Bd3 O-O 11. O-O e5 12. e4 Nxg3 13. hxg3 Be6 14. Qe2 Bb6 15. exd5 Bxd5 16. Rad1 Qe7 17. Bc4 Rad8 18. Bxd5+ Rxd5 19. Nc4 Rfd8 20. Rxd5 Rxd5 21. Rd1 Qd7 22. Rxd5 Qxd5 23. Nfd2 Bc5 24. b4 Be7 25. a4 a6 26. a5 Kf7 27. Nb6 Qa2 28. Qd3 Qa1+ 29. Kh2 Qd1 30. Qc4+ Kg7 31. Nf3 Qc2 32. Qe6 Qxc3 33. Nd5 Qc4 34. Qd7 Kf7 35. Nc7 Kg7 36. Ne6+ Kf7 37. Nc7 Kg7 38. Ne6+ Kf7 39. Nc7 1/2-1/2

[Event "December 5 Early 2023"]
[Site "https://www.chess.com"]
[Date "2023.12.05"]
[Round "8"]
[White "Bychkov, Vladimir"]
[Black "Hayrapetyan, Hovik"]
[Result "0-1"]
[Board "38"]
[TimeControl "180+1"]
[WhiteFideId "24151513"]
[BlackFideId "13302639"]
[WhiteElo "2480"]
[BlackElo "2819"]
[WhiteTeam "RUS"]
[BlackTeam "ARM"]
[WhiteClock "0:00:00"]
[BlackClock "0:00:03"]

1. e4 c5 2. Nf3 d6 3. d4 cxd4 4. Qxd4 Nc6 5. Bb5 Bd7 6. Bxc6 Bxc6 7. O-O e5 8. Qd3 Nf6 9. Re1 h6 10. c4 Be7 11. Nc3 O-O 12. Nd2 Nd7 13. Nf1 Nc5 14. Qg3 Bh4 15. Qg4 Nxe4 16. Rxe4 Bxf2+ 17. Kxf2 f5 18. Qe2 fxe4+ 19. Kg1 b5 20. Be3 b4 21. Nd1 d5 22. cxd5 Qxd5 23. Qd2 Qc4 24. Nf2 Rad8 25. Qc1 Bb5 26. Qxc4+ Bxc4 27. b3 Bd3 28. Nd2 Rc8 29. Ndxe4 Rc2 30. Nxd3 a5 31. Bb6 Ra8 32. h3 a4 33. Nxb4 Rb2 34. Nd3 Re2 35. Nc3 Rd2 36. Nc5 axb3 37. Nxb3 Rb2 38. Re1 Rc2 39. Nd5 Raxa2 40. Ne3 Rcb2 41. Nc1 Ra1 42. Nc4 Rbb1 43. Be3 Rb4 44. Nxe5 Rb5 45. Ned3 Ra3 46. Bf2 Rd5 47. Nf4 Rd2 48. Be3 Rc2 49. Nce2 Rxe3 50. Kf2 Re4 51. Rd1 Rxf4+ 52. Ke3 Ra4 53. Rd8+ Kh7 54. Rd3 Rca2 55. Nf4 Ra8 0-1

[Event "December 5 Early 2023"]
[Site "https://www.chess.com"]
[Date "2023.12.05"]
[Round "8"]
[White "Andreev, Konstantin"]
[Black "Bluebaum, Matthias"]
[Result "0-1"]
[Board "39"]
[TimeControl "180+1"]
[WhiteFideId "24239305"]
[BlackFideId "24651516"]
[WhiteElo "2549"]
[BlackElo "3021"]
[WhiteTeam "ITA"]
[BlackTeam "GER"]
[WhiteClock "0:01:41"]
[BlackClock "0:02:36"]

1. e4 e6 2. d4 d5 3. Nc3 Nf6 4. e5 Nfd7 5. f4 c5 6. Nf3 Nc6 7. Be3 a6 8. Ne2 Qb6 9. b3 f6 10. c3 cxd4 11. cxd4 fxe5 12. fxe5 Ndxe5 13. Nxe5 Nxe5 14. Nc3 Bb4 15. Qd2 Ng4 16. Bg1 O-O 17. Be2 Nf6 18. Bf3 Bd7 19. a3 Qa5 20. Rc1 Qxa3 21. Be3 Qxb3 22. Qd3 Bb5 23. Qc2 Qxc2 24. Rxc2 Rac8 25. Bd2 Bd3 26. Rc1 Ba3 0-1

[Event "December 5 Early 2023"]
[Site "https://www.chess.com"]
[Date "2023.12.05"]
[Round "8"]
[White "Demchenko, Anton"]
[Black "Souleidis, Georgios"]
[Result "1-0"]
[Board "40"]
[TimeControl "180+1"]
[WhiteFideId "4160258"]
[BlackFideId "4206827"]
[WhiteElo "2897"]
[BlackElo "2665"]
[WhiteTeam "SLO"]
[BlackTeam "GRE"]
[WhiteClock "0:00:24"]
[BlackClock "0:00:05"]

1. d4 Nf6 2. Nf3 g6 3. Bf4 Bg7 4. c3 O-O 5. Nbd2 d6 6. e4 Nfd7 7. Bc4 Nb6 8. Bb3 a5 9. a3 a4 10. Ba2 e6 11. h4 N8d7 12. h5 Qe7 13. hxg6 hxg6 14. Qe2 Nf6 15. Bg5 Qe8 16. O-O-O Nh7 17. Bh6 Bxh6 18. Rxh6 Kg7 19. Rdh1 Rh8 20. Ng5 Nxg5 21. Rxh8 Qxh8 22. Rxh8 Kxh8 23. f4 Nh7 24. f5 Kg7 25. g4 Bd7 26. Bb1 Re8 27. Qg2 Bc6 28. Qg3 Nd7 29. Bd3 exf5 30. gxf5 Nhf6 31. fxg6 fxg6 32. e5 dxe5 33. Qxg6+ Kf8 34. Bc4 Bd5 35. Qh6+ Kf7 36. Bxd5+ Nxd5 37. Qh7+ Ke6 38. Nf3 N5f6 39. Qh3+ Kd5 40. Qf5 Re6 41. dxe5 Nxe5 42. Nxe5 Rxe5 43. Qxf6 b5 44. Kd2 c6 45. Kd3 Re6 46. Qd4# 1-0

[Event "December 5 Early 2023"]
[Site "https://www.chess.com"]
[Date "2023.12.05"]
[Round "8"]
[White "Shyam, Sundar M."]
[Black "Baskakov, Egor"]
[Result "0-1"]
[Board "41"]
[TimeControl "180+1"]
[WhiteFideId "5019141"]
[BlackFideId "24197866"]
[WhiteElo "2670"]
[BlackElo "2886"]
[WhiteTeam "IND"]
[BlackTeam "RUS"]
[WhiteClock "0:00:01"]
[BlackClock "0:00:05"]

1. c4 Nf6 2. g3 e6 3. Bg2 d5 4. Nf3 Be7 5. O-O O-O 6. d4 Ne4 7. Qc2 f5 8. Ne5 c6 9. f3 Nf6 10. Nc3 Nbd7 11. f4 Ne4 12. Nxe4 fxe4 13. Be3 Nxe5 14. fxe5 Bd7 15. Qd2 Qb6 16. c5 Qa6 17. a3 b6 18. cxb6 axb6 19. Bg5 Bxg5 20. Qxg5 c5 21. Qe7 Qb5 22. a4 Qc6 23. e3 h6 24. a5 bxa5 25. Qxc5 Qxc5 26. dxc5 Rfb8 27. Rf2 Rb5 28. Rc2 Bc6 29. Rf1 Rb3 30. Bh3 Re8 31. Re1 a4 32. Bf1 Kf7 33. Kf2 Ke7 34. Ke2 Reb8 35. Kd2 Rxb2 36. Ra1 R2b3 37. Be2 Rf8 38. Ke1 Rxe3 39. Rb2 Rb3 40. Rxb3 axb3 41. Ra6 Rb8 42. Ra1 d4 43. Rb1 b2 44. Kd2 e3+ 45. Kd3 Rb4 46. Bd1 Kd7 47. Kc2 Be4# 0-1

[Event "December 5 Early 2023"]
[Site "https://www.chess.com"]
[Date "2023.12.05"]
[Round "8"]
[White "Shuvalova, Polina"]
[Black "Banzea, Alexandru-Bogdan"]
[Result "0-1"]
[Board "42"]
[TimeControl "180+1"]
[WhiteFideId "24171760"]
[BlackFideId "1232622"]
[WhiteElo "2848"]
[BlackElo "2655"]
[WhiteTeam "RUS"]
[BlackTeam "ROU"]
[WhiteClock "0:00:13"]
[BlackClock "0:00:08"]

1. e4 c5 2. Nf3 g6 3. c3 d5 4. exd5 Qxd5 5. d4 Nc6 6. Be3 Bh6 7. Bxh6 Nxh6 8. dxc5 Qxc5 9. Nbd2 Ng4 10. Ne4 Qb6 11. h3 Bf5 12. hxg4 Bxe4 13. Qb3 Qxb3 14. axb3 f6 15. Be2 O-O-O 16. b4 Kb8 17. b5 Bxf3 18. gxf3 Ne5 19. Rd1 Rxd1+ 20. Kxd1 g5 21. Kc2 Kc7 22. b4 Kb6 23. c4 Kc7 24. c5 h6 25. Kc3 Kb8 26. Kb2 Rd8 27. Kc3 Rh8 28. Rh3 Kc7 29. Rh2 Kb8 30. Rh1 Kc7 31. Kd4 Rd8+ 32. Ke3 Rh8 33. Ke4 Rd8 34. Ke3 Rh8 35. f4 Ng6 36. f5 Ne5 37. f3 Kb8 38. f4 gxf4+ 39. Kxf4 Rd8 40. Ke3 Rh8 41. Ke4 Rd8 42. Rxh6 Rd2 43. Ke3 Rb2 44. b6 axb6 45. cxb6 Kc8 46. Bb5 Nxg4+ 47. Kd4 Nxh6 48. Kc3 Rf2 49. Bd3 Nxf5 0-1

[Event "December 5 Early 2023"]
[Site "https://www.chess.com"]
[Date "2023.12.05"]
[Round "8"]
[White "Moksh Amit Doshi"]
[Black "Bacrot, Etienne"]
[Result "0-1"]
[Board "43"]
[TimeControl "180+1"]
[WhiteFideId "25064967"]
[BlackFideId "605506"]
[WhiteElo "2648"]
[BlackElo "2830"]
[WhiteTeam "IND"]
[BlackTeam "FRA"]
[WhiteClock "0:00:23"]
[BlackClock "0:00:06"]

1. d4 f5 2. Nf3 Nf6 3. g3 g6 4. Bg2 Bg7 5. O-O d6 6. c4 O-O 7. Nc3 Nc6 8. d5 Ne5 9. Nxe5 dxe5 10. Qb3 Kh8 11. Rd1 a6 12. c5 Qe8 13. Qc2 h6 14. b4 g5 15. a4 e4 16. f3 Qh5 17. Be3 e5 18. dxe6 Bxe6 19. Bd4 Rae8 20. Qb2 Kh7 21. b5 Bc4 22. Rac1 Qf7 23. c6 bxc6 24. bxc6 Rb8 25. Qa3 Rfd8 26. Qc5 Bb3 27. Re1 Qh5 28. Qxf5+ Qg6 29. Qxg6+ Kxg6 30. Bxf6 Bxf6 31. Nxe4 Bb2 32. Rc5 Bd4+ 33. e3 Bxc5 34. Nxc5 Bd5 35. e4 Bxc6 36. f4 gxf4 37. gxf4 Kf7 38. Nxa6 Rb2 39. Rc1 Rg8 40. Rxc6 Rgxg2+ 41. Kf1 Rgf2+ 42. Ke1 Rxh2 43. Rxc7+ Ke8 44. Rc8+ Kd7 45. Rc7+ Kd8 0-1

[Event "December 5 Early 2023"]
[Site "https://www.chess.com"]
[Date "2023.12.05"]
[Round "8"]
[White "Gontcharov, Vladislav"]
[Black "Rustemov, Alexander"]
[Result "0-1"]
[Board "44"]
[TimeControl "180+1"]
[WhiteFideId "4123492"]
[BlackFideId "4119002"]
[WhiteElo "2644"]
[BlackElo "2825"]
[WhiteTeam "RUS"]
[BlackTeam "RUS"]
[WhiteClock "0:00:00"]
[BlackClock "0:00:05"]

1. Nf3 d5 2. c4 c6 3. Qc2 Nf6 4. d4 dxc4 5. Qxc4 Bf5 6. Nc3 e6 7. g3 Nbd7 8. Qb3 Qb6 9. Qxb6 axb6 10. Nh4 Bc2 11. Kd2 Bb3 12. Rb1 Bc4 13. b3 Ba6 14. a3 Be7 15. Bb2 O-O 16. f3 Rfd8 17. Kc2 Nd5 18. Nxd5 cxd5 19. Ng2 Rdc8+ 20. Kd2 Bb5 21. Ra1 Rc7 22. e3 Bxf1 23. Rhxf1 b5 24. Rfc1 Rac8 25. Rxc7 Rxc7 26. Rc1 Rxc1 27. Kxc1 Nb8 28. Kc2 Nc6 29. Ne1 Kf8 30. Nd3 Bd6 31. e4 Ke8 32. b4 Kd7 33. Nf2 Ne7 34. Kd3 Nc8 35. Nd1 Nb6 36. Bc1 Nc4 37. Nc3 Kc6 38. e5 Be7 39. f4 g6 40. Nd1 h5 41. h4 Bd8 42. Nc3 Bb6 43. Nd1 Bd8 44. Nc3 Nb6 45. Nd1 Nc8 46. Ne3 Ne7 47. Bb2 Ng8 48. Bc1 Nh6 49. Bb2 f6 50. exf6 Bxf6 51. Bc3 Nf7 52. Bb2 Nd6 53. Nf1 Ne4 54. Bc3 Kd7 55. Bb2 Ke8 56. Bc1 Kf7 57. Be3 Be7 58. Bc1 Kf6 59. Bb2 Kf5 60. Ne3+ Kf6 61. Nf1 Bd8 62. Bc1 Bb6 63. Bb2 Nd6 64. Bc1 Nc4 65. Ne3 Nxe3 66. Kxe3 Kf5 67. Bb2 Kg4 68. Kf2 Bd8 69. Bc1 Bf6 70. Be3 Bg7 71. Kg2 Bf8 72. Kf2 Kh3 73. Kf3 Bd6 74. Bf2 Kh2 75. Be3 Kh3 76. Bf2 Be7 77. Be3 Bf6 78. Bf2 Bd8 79. Be3 Bc7 80. Bf2 Bd6 81. Be3 Kh2 82. Bf2 Kh1 83. Be3 Bc7 84. Bf2 Kh2 85. Be3 Bb8 86. Bf2 Kh3 87. Be3 Bc7 88. Bf2 Bd8 89. Be3 Bxh4 90. gxh4 Kxh4 91. Bf2+ Kh3 92. Be3 Kh2 93. Bf2 Kh3 94. Bg3 b6 0-1

[Event "December 5 Early 2023"]
[Site "https://www.chess.com"]
[Date "2023.12.05"]
[Round "8"]
[White "Zhurbinsky, David"]
[Black "Gharibyan, Mamikon"]
[Result "0-1"]
[Board "45"]
[TimeControl "180+1"]
[WhiteFideId "2072904"]
[BlackFideId "13308300"]
[WhiteElo "2619"]
[BlackElo "2816"]
[WhiteTeam "USA"]
[BlackTeam "ARM"]
[WhiteClock "0:00:00"]
[BlackClock "0:00:35"]

1. e4 e5 2. Nf3 Nc6 3. Bb5 Nf6 4. O-O Nxe4 5. d4 Nd6 6. Bxc6 dxc6 7. dxe5 Nf5 8. Qe2 Nd4 9. Nxd4 Qxd4 10. h3 Be7 11. Nc3 O-O 12. Bd2 Bf5 13. Rad1 Bxc2 14. Bg5 Bxd1 15. Rxd1 Qc5 16. Ne4 Qxe5 17. f4 Qe6 18. f5 Bc5+ 19. Kh1 Qxf5 20. Rf1 Qg6 21. Qc4 Bd6 22. h4 Rae8 23. Nf2 h6 24. Bf4 b5 25. Qc1 Re2 26. Bxd6 Qxd6 27. Ng4 Qg3 0-1

[Event "December 5 Early 2023"]
[Site "https://www.chess.com"]
[Date "2023.12.05"]
[Round "8"]
[White "Nguyen, Quoc Hy"]
[Black "Bodnar, Nikolay"]
[Result "1-0"]
[Board "46"]
[TimeControl "180+1"]
[WhiteFideId "12410853"]
[BlackFideId "14106469"]
[WhiteElo "2809"]
[BlackElo "2635"]
[WhiteTeam "VIE"]
[BlackTeam "UKR"]
[WhiteClock "0:00:47"]
[BlackClock "0:00:25"]

1. d4 Nf6 2. c4 e6 3. Nc3 Bb4 4. e3 O-O 5. Bd3 d5 6. Nf3 c5 7. O-O cxd4 8. exd4 dxc4 9. Bxc4 Qc7 10. Qe2 Bxc3 11. bxc3 Nbd7 12. Bb2 b6 13. Bd3 Bb7 14. c4 Rac8 15. Rfe1 Qf4 16. Qe3 Qxe3 17. fxe3 Be4 18. Bf1 h6 19. Nd2 Bb7 20. e4 e5 21. d5 Rfe8 22. Re3 Nc5 23. Rae1 Nfd7 24. g3 f6 25. Ba3 g6 26. Bh3 Rcd8 27. Nb3 Na4 28. Rf1 Kg7 29. Ref3 Bc8 30. Kg2 Ba6 31. Nd2 Nac5 32. Bxc5 Nxc5 33. Rxf6 Rf8 34. Rc6 Rxf1 35. Kxf1 Rf8+ 36. Ke2 Rf7 37. Ke3 h5 38. Nb3 Bxc4 39. Nxc5 bxc5 40. Rxc5 Bxa2 41. d6 Kf6 42. d7 Ke7 43. Rxe5+ Kd6 1-0

[Event "December 5 Early 2023"]
[Site "https://www.chess.com"]
[Date "2023.12.05"]
[Round "8"]
[White "Dragun, Kamil"]
[Black "Dyachuk, Artem"]
[Result "1-0"]
[Board "47"]
[TimeControl "180+1"]
[WhiteFideId "1134167"]
[BlackFideId "34107924"]
[WhiteElo "2808"]
[BlackElo "2591"]
[WhiteTeam "POL"]
[BlackTeam "UKR"]
[WhiteClock "0:00:12"]
[BlackClock "0:00:03"]

1. d4 Nf6 2. c4 c6 3. Nf3 d5 4. Nc3 e6 5. e3 Nbd7 6. Be2 Bd6 7. O-O O-O 8. b3 b6 9. Bb2 Bb7 10. Bd3 Qe7 11. Re1 Rad8 12. e4 dxe4 13. Nxe4 Nxe4 14. Bxe4 Nf6 15. Bc2 c5 16. d5 Rfe8 17. Qd3 h6 18. Rad1 Kf8 19. Nh4 e5 20. Nf5 Qd7 21. Qg3 Nh5 22. Qh4 g6 23. g4 Bb8 24. Nxh6 Nf4 25. Re4 Qe7 26. Rxf4 g5 27. Rxf7+ Qxf7 28. Nxf7 gxh4 29. Nxd8 Rxd8 30. Bf5 Ke7 31. Re1 Kf6 32. f4 Re8 33. Be6 Kg6 34. Bxe5 b5 35. Bxb8 Rxb8 36. cxb5 a6 37. b6 a5 38. d6 Ba6 39. d7 Re8 40. dxe8=Q+ Kg7 41. Qf7+ Kh6 42. g5# 1-0

[Event "December 5 Early 2023"]
[Site "https://www.chess.com"]
[Date "2023.12.05"]
[Round "8"]
[White "Manukyan, Sargis A."]
[Black "Zou, Chen"]
[Result "0-1"]
[Board "48"]
[TimeControl "180+1"]
[WhiteFideId "13303970"]
[BlackFideId "8610959"]
[WhiteElo "2588"]
[BlackElo "2742"]
[WhiteTeam "ARM"]
[BlackTeam "CHN"]
[WhiteClock "0:00:03"]
[BlackClock "0:01:40"]

1. d4 Nf6 2. c4 g6 3. Nc3 Bg7 4. Nf3 O-O 5. h3 d6 6. Bf4 Nbd7 7. e3 c5 8. d5 Qa5 9. Nd2 a6 10. Be2 Ne8 11. Qc2 b5 12. O-O Rb8 13. e4 Ne5 14. Bg3 Bd7 15. cxb5 axb5 16. f4 Nc4 17. Nxc4 bxc4 18. Bxc4 Qb4 19. Qd3 Nc7 20. Rab1 Nb5 21. Nxb5 Bxb5 22. b3 Qa5 23. e5 Bxc4 24. bxc4 Qxa2 25. Rxb8 Rxb8 26. exd6 exd6 27. f5 Rb3 28. Qe4 Rxg3 29. f6 Bf8 30. Kh2 Rc3 31. Re1 Qxc4 32. Qe8 Qf4+ 33. Kh1 Qxf6 34. Qd7 Rd3 35. Qb7 Rd4 36. Qb1 Rf4 37. Qd1 c4 38. Qc1 c3 39. Qc2 h5 40. Qd3 Rf2 41. Kh2 c2 42. Rc1 Bh6 43. Rxc2 Rxc2 44. Qxc2 Qe5+ 45. Kh1 Kg7 46. h4 Bf4 47. g3 Bxg3 48. Kg2 Bf4 49. Kh3 Qe3+ 50. Kg2 Qd2+ 51. Kh1 Qxc2 0-1

[Event "December 5 Early 2023"]
[Site "https://www.chess.com"]
[Date "2023.12.05"]
[Round "8"]
[White "Krysa, Leandro"]
[Black "Novoselov, Roman"]
[Result "0-1"]
[Board "49"]
[TimeControl "180+1"]
[WhiteFideId "116807"]
[BlackFideId "4135067"]
[WhiteElo "2734"]
[BlackElo "2582"]
[WhiteTeam "ARG"]
[BlackTeam "RUS"]
[WhiteClock "0:00:06"]
[BlackClock "0:00:10"]

1. e4 e6 2. d4 d5 3. exd5 exd5 4. c4 Nf6 5. Nc3 c6 6. Nf3 Bd6 7. Bd3 dxc4 8. Bxc4 O-O 9. h3 Nbd7 10. O-O Nb6 11. Bb3 Bc7 12. Re1 h6 13. Ne5 Nbd5 14. a3 Be6 15. Bc2 Re8 16. Qd3 Bb6 17. Bd2 Ne7 18. Qg3 Bxd4 19. Bxh6 Nh5 20. Qg5 Nf5 21. Qxh5 Nxh6 22. Nf3 Bxc3 23. bxc3 Qf6 24. Nd4 Bd5 25. Rad1 Rxe1+ 26. Rxe1 c5 27. Qxd5 cxd4 28. Qxd4 Qxd4 29. cxd4 Kf8 30. g4 Rd8 31. Be4 b6 32. d5 Ng8 33. Rc1 Nf6 34. Bf3 Rd7 35. g5 Ne8 36. Kg2 Nd6 37. Kg3 Ke7 38. Kf4 b5 39. h4 a6 40. Rc6 Ra7 41. h5 Nc4 42. h6 gxh6 43. gxh6 Ra8 44. Bh5 Rh8 45. Rc7+ Kd6 46. Rxf7 Rxh6 47. Bf3 Nxa3 48. Ra7 Kc5 49. Rc7+ Kb6 50. Re7 Kc5 51. Rc7+ Kb6 52. Re7 Rf6+ 53. Ke3 Kc5 54. Re6 Rxe6+ 55. dxe6 Kd6 56. Bg4 Nc4+ 57. Kd4 Ne5 58. Bh3 Nf3+ 59. Ke3 Ng5 60. Bg4 Nxe6 61. f4 a5 62. f5 Ng5 63. Kd4 a4 64. Kc3 Kc5 65. Kc2 b4 66. f6 Kc4 67. Bh5 a3 68. f7 Ne6 69. Bg4 Nf8 70. Kd2 b3 71. Be2+ Kd4 72. Kc1 Kc3 73. Bf3 a2 74. Kd1 a1=Q+ 75. Ke2 Qb2+ 76. Ke3 Qd2+ 77. Ke4 b2 78. Kf5 b1=Q+ 79. Kg4 Qg6+ 80. Kh4 Qdh6+ 81. Bh5 Qhxh5# 0-1

[Event "December 5 Early 2023"]
[Site "https://www.chess.com"]
[Date "2023.12.05"]
[Round "8"]
[White "Thorfinnsson, Bjorn"]
[Black "Hua, Lefong"]
[Result "1-0"]
[Board "50"]
[TimeControl "180+1"]
[WhiteFideId "2300982"]
[BlackFideId "2602253"]
[WhiteElo "2564"]
[BlackElo "2713"]
[WhiteTeam "ISL"]
[BlackTeam "CAN"]
[WhiteClock "0:00:17"]
[BlackClock "0:00:00"]

1. d4 Nf6 2. Nf3 g6 3. Bg5 Bg7 4. e3 O-O 5. Bd3 d6 6. Nbd2 c5 7. c3 h6 8. Bh4 Nc6 9. a3 g5 10. Bg3 Nh5 11. Nxg5 Nxg3 12. hxg3 e6 13. Ngf3 Qe7 14. Rc1 b6 15. Qe2 f5 16. Nh4 Qf6 17. g4 Bd7 18. gxf5 exf5 19. Qh5 Ne7 20. Ndf3 Be8 21. Ng6 Bxg6 22. Qh3 Rae8 23. Kd2 f4 24. e4 Nc6 25. Bb5 Bxe4 26. Rhe1 Bxf3 27. Qxf3 Rxe1 28. Rxe1 Ne7 29. Bc4+ d5 30. Bxd5+ Nxd5 31. Qxd5+ Kh8 32. Re6 Qf7 33. Qe4 cxd4 34. cxd4 Rd8 35. d5 Qh5 36. d6 Qa5+ 37. Ke2 Qb5+ 38. Kf3 Qb3+ 39. Kg4 Qd1+ 40. f3 Qd4 41. Re8+ Rxe8 42. Qxe8+ Kh7 43. d7 Bf6 44. Qf7+ Kh8 45. Qe8+ Kg7 46. Kf5 Qd5+ 47. Kxf4 Bg5+ 48. Kg4 Qd4+ 49. Kf5 Qf4+ 50. Ke6 Qf6+ 51. Kd5 Qf5+ 52. Kc6 Qc5+ 53. Kb7 Qd6 54. f4 Bf6 55. g4 1-0